 Dungeon Crawl Stone Soup version 0.22.1-1-ga44c0e56f4 (webtiles) character file.

253 Freyura the Ducker (level 6, 0/53 HPs)
             Began as a Gnoll Monk on Sept 30, 2018.
             Slain by an orc wizard
             ... wielding a +0 dagger
              (2 damage)
             ... on level 4 of the Dungeon.
             The game lasted 00:08:24 (3516 turns).

Freyura the Ducker (Gnoll Monk)                     Turns: 3516, Time: 00:08:25

Health: 0/53       AC:  2    Str: 13    XL:     6   Next: 14%
Magic:  8/8        EV: 13    Int: 13    God:
Gold:   100        SH:  7    Dex: 19    Spells: 8/8 levels left

rFire    . . .     SeeInvis .   a - +0 mace
rCold    + + .     Gourm    .   f - +0 shield
rNeg     . . .     Faith    .   b - +0 robe
rPois    +         Spirit   .   (no helmet)
rElec    +         Reflect  .   (no cloak)
rCorr    +         Harm     .   (no gloves)
MR       .....                  (no boots)
Stlth    +++.......             (no amulet)
HPRegen  0.17/turn              k - ring of ice
MPRegen  0.11/turn              (no ring)

@: resistant, heavily drained
A: distributed training, fangs 1, strong nose
a: no special abilities


You were on level 4 of the Dungeon.
You were not hungry.

You visited 1 branch of the dungeon, and saw 4 of its levels.
You also visited: Sewer.

You collected 100 gold pieces.

Inventory:

Hand Weapons
 a - a +0 mace (weapon)
Armour
 b - a +0 robe (worn)
 f - a +0 shield (worn)
Jewellery
 k - a ring of ice (left hand)
Scrolls
 c - a scroll of amnesia {unknown}
 d - a scroll of immolation {unknown}
 h - 3 scrolls of teleportation {unknown}
 j - 2 scrolls of enchant weapon {unknown}
 l - a scroll of remove curse {unknown}
 m - a scroll of noise {unknown}
 n - 6 scrolls of identify {unknown}
Potions
 e - a potion of resistance
 g - 2 potions of lignification {unknown}
 i - 7 potions of curing {unknown}
 p - a potion of degeneration {unknown}
 q - a potion of cancellation {unknown}
 s - a potion of brilliance {unknown}
 t - a potion of agility {unknown}
 u - a potion of might {unknown}
 v - 2 potions of heal wounds {unknown}


   Skills:
 + Level 6.8(5.2) Fighting
 + Level 1.8(0.4) Short Blades
 + Level 1.8(0.4) Long Blades
 + Level 1.8(0.4) Axes
 + Level 6.8(5.2) Maces & Flails
 + Level 1.8(0.4) Polearms
 + Level 1.8(0.4) Staves
 + Level 1.8(0.4) Slings
 + Level 1.8(0.4) Bows
 + Level 1.8(0.4) Crossbows
 + Level 1.8(0.4) Throwing
 + Level 1.8(0.4) Armour
 + Level 6.8(5.2) Dodging
 + Level 4.5(3.0) Stealth
 + Level 1.8(0.4) Shields
 + Level 1.8(0.4) Unarmed Combat
 + Level 1.8(0.4) Spellcasting
 + Level 1.4(0.0) Conjurations
 + Level 1.4(0.0) Hexes
 + Level 1.4(0.0) Charms
 + Level 1.4(0.0) Summonings
 + Level 1.4(0.0) Necromancy
 + Level 1.4(0.0) Translocations
 + Level 1.4(0.0) Transmutations
 + Level 1.4(0.0) Fire Magic
 + Level 1.4(0.0) Ice Magic
 + Level 1.4(0.0) Air Magic
 + Level 1.4(0.0) Earth Magic
 + Level 1.4(0.0) Poison Magic
 + Level 2.0(0.6) Invocations
 + Level 1.8(0.4) Evocations


You had 8 spell levels left.
You didn't know any spells.
Your spell library was empty.

Dungeon Overview and Level Annotations

Branches:
Dungeon (4/15)
 Temple: D:4-7

Altars:
Elyvilon
Makhleb
Qazlal
Sif Muna
Uskayaw
Wu Jian
The Shining One


Innate Abilities, Weirdness & Mutations

Your experience applies equally to all skills.
You have very sharp teeth.
Your uncanny sense of smell can sniff out nearby items.


Message History

The orc wizard seems to speed up.
You block the iguana's attack.
Unknown command.
You hit the iguana but do no damage.
The iguana is lightly wounded.
The orc wizard gestures wildly while chanting.
The orc wizard blinks!
You block the orc's attack. Something hits you.
* * * LOW HITPOINT WARNING * * *
You block the iguana's attack.
You hear some strange, mumbled words.
A puff of flame appears from out of thin air!
The puff of flame misses you. The orc hits you.
* * * LOW HITPOINT WARNING * * *
You hit the iguana but do no damage.
The iguana is lightly wounded.
You block something's attack. The iguana closely misses you.
You block the orc's attack. Something hits you but does no damage.
You sock the iguana!
The iguana is severely wounded.
You block the iguana's attack. Something hits you.
You die...

∆ ### ....
###+#####.....
+.............
#o{...........
#@lO..........
###oo######...
∆ #..# .#
+.......... .
#..o....o..
##l<##..### ∆
#..# ### ....
....


You could see an ogre, an iguana, an orc wizard and 2 orcs.

Vanquished Creatures
  A big kobold (Sewer)
  A hound (D:4)
  4 adders
  An ooze (Sewer)
  An adder zombie (D:1)
  2 worms
  3 dart slugs
  3 leopard geckos
  2 orcs (D:3)
  12 bats
  A bat zombie (D:1)
  3 giant cockroaches
  9 goblins
  14 hobgoblins
  A quokka (D:2)
  3 ball pythons
  8 frilled lizards
  17 kobolds
  7 rats
93 creatures vanquished.

Notes
Turn   | Place    | Note
-------+----------+-------------------------------------------
     0 | D:1      | Freyura the Gnoll Monk began the quest for the Orb.
     0 | D:1      | Reached XP level 1. HP: 23/23 MP: 1/1
    67 | D:1      | Reached XP level 2. HP: 27/29 MP: 2/2
   633 | D:1      | Reached XP level 3. HP: 27/35 MP: 3/3
   887 | D:2      | Found an ornate altar of the Wu Jian Council.
   978 | D:2      | Reached skill level 1 in Invocations
  1225 | D:2      | Reached skill level 1 in Short Blades
  1225 | D:2      | Reached skill level 1 in Long Blades
  1225 | D:2      | Reached skill level 1 in Axes
  1225 | D:2      | Reached skill level 1 in Polearms
  1225 | D:2      | Reached skill level 1 in Staves
  1225 | D:2      | Reached skill level 1 in Slings
  1225 | D:2      | Reached skill level 1 in Bows
  1225 | D:2      | Reached skill level 1 in Crossbows
  1225 | D:2      | Reached skill level 1 in Throwing
  1225 | D:2      | Reached skill level 1 in Armour
  1225 | D:2      | Reached skill level 1 in Shields
  1225 | D:2      | Reached skill level 1 in Unarmed Combat
  1225 | D:2      | Reached skill level 1 in Spellcasting
  1225 | D:2      | Reached skill level 1 in Evocations
  1225 | D:2      | Reached XP level 4. HP: 35/41 MP: 5/5
  1607 | D:2      | Found a burning altar of Makhleb.
  1609 | D:2      | Found a stormy altar of Qazlal.
  1609 | D:2      | Found a glowing golden altar of the Shining One.
  1610 | D:2      | Found a white marble altar of Elyvilon.
  1614 | D:2      | Found a deep blue altar of Sif Muna.
  1615 | D:2      | Found a hide-covered altar of Uskayaw.
  2199 | D:3      | Reached skill level 1 in Conjurations
  2199 | D:3      | Reached skill level 1 in Hexes
  2199 | D:3      | Reached skill level 1 in Charms
  2199 | D:3      | Reached skill level 1 in Summonings
  2199 | D:3      | Reached skill level 1 in Necromancy
  2199 | D:3      | Reached skill level 1 in Translocations
  2199 | D:3      | Reached skill level 1 in Transmutations
  2199 | D:3      | Reached skill level 1 in Fire Magic
  2199 | D:3      | Reached skill level 1 in Ice Magic
  2199 | D:3      | Reached skill level 1 in Air Magic
  2199 | D:3      | Reached skill level 1 in Earth Magic
  2199 | D:3      | Reached skill level 1 in Poison Magic
  2480 | D:3      | Reached XP level 5. HP: 38/47 MP: 6/6
  2583 | D:3      | Found a glowing drain.
  2600 | Sewer    | Entered a sewer
  3083 | Sewer    | Noticed a big kobold
  3106 | Sewer    | Killed a big kobold
  3106 | Sewer    | Reached XP level 6. HP: 19/53 MP: 8/8
  3514 | D:4      | HP: 2/53 [orc (3)]
  3516 | D:4      | Slain by an orc wizard

Skill      XL: |  1  2  3  4  5  6 |
---------------+-------------------+-----
Invocations    | 1 2 |  2.0
Short Blades   | 1 |  1.8
Long Blades    | 1 |  1.8
Axes           | 1 |  1.8
Polearms       | 1 |  1.8
Staves         | 1 |  1.8
Slings         | 1 |  1.8
Bows           | 1 |  1.8
Crossbows      | 1 |  1.8
Throwing       | 1 |  1.8
Armour         | 1 |  1.8
Shields        | 1 |  1.8
Unarmed Combat | 1 |  1.8
Spellcasting   | 1 |  1.8
Evocations     | 1 |  1.8
Conjurations   | 1 |  1.4
Hexes          | 1 |  1.4
Charms         | 1 |  1.4
Summonings     | 1 |  1.4
Necromancy     | 1 |  1.4
Translocations | 1 |  1.4
Transmutations | 1 |  1.4
Fire Magic     | 1 |  1.4
Ice Magic      | 1 |  1.4
Air Magic      | 1 |  1.4
Earth Magic    | 1 |  1.4
Poison Magic   | 1 |  1.4
Fighting       | |  6.8
Maces & Flails | |  6.8
Dodging        | |  6.8
Stealth        | |  4.5

Action                   |  1- 3 |  4- 6 || total
-------------------------+-------+-------++-------
Melee: Mace              |   120 |   200 ||   320
       Bite              |    16 |    23 ||    39
  Use: Potion            |       |     1 ||     1
 Stab: Sleeping          |     4 |    11 ||    15
  Eat: Ration            |     1 |     2 ||     3
Armor: Robe              |    18 |    20 ||    38
Dodge: Dodged            |    73 |   142 ||   215
Block: Shield            |    22 |   100 ||   122
